Unix NetHack Version 3.7.0-95 Work-in-progress - last build Jan 1 2024 20:51:50 (6a0ccc5fa2390e420dd2d488a2f9488d2ae3a63b,branch:master). Game began 2024-01-04 11:00:00, ended 2024-01-04 17:03:00. Arasaka, chaotic female elven Ranger ---+-- ----------- ---.--- |..`.| |.........| |.....|#####.a[..| ##..........| #......|# |....| # |.........| #|.....|# -.-.-- # ----|------ #|.....-# # # # ###### #------- # # # ### # #### # ### # ## # -.---+--.- ### ## # |........| # ### # |......<.| ## # # # # |........| @-------- # # # ## |........| d|......|## --|-.-### .........| #-......|# |....|# ---------- |......-# |.....# -------- |....| ------ Arasaka the Trailblazer St:17 Dx:13 Co:16 In:13 Wi:13 Ch:10 Chaotic Dlvl:14 $:1061 HP:0(64) Pw:54(54) AC:-3 Xp:9/4571 T:10115 Latest messages: You hit the winter wolf. The winter wolf misses! In what direction? You shoot 2 elven arrows. The 1st elven arrow hits the winter wolf. The 2nd elven arrow hits the winter wolf. The winter wolf misses! In what direction? The elven arrow hits the winter wolf! The winter wolf bites! In what direction? You shoot 3 elven arrows. The 1st elven arrow hits the winter wolf! The 2nd elven arrow hits the winter wolf! The 3rd elven arrow hits the winter wolf! The winter wolf bites! In what direction? You shoot 3 elven arrows. The 1st elven arrow hits the winter wolf! You kill the winter wolf! a - an uncursed broad short sword (weapon in right hand). b - an uncursed +1 elven bow (alternate weapon; not wielded). c - 5 uncursed +2 elven arrows (in quiver) (34 in total). n - a scroll of teleportation. You see here a winter wolf corpse. c - 6 uncursed +2 elven arrows (in quiver) (40 in total). Something is written here in the dust. You read: "l ere?h". The blast of frost hits you! The blast of frost bounces! The blast of frost hits you! The blast of frost hits it. You see here a winter wolf corpse. You hit the winter wolf! The winter wolf misses! You hit the winter wolf. The winter wolf bites! You miss the winter wolf. The winter wolf bites! You miss the winter wolf. The winter wolf misses! You hit the winter wolf. The winter wolf bites! You hit the winter wolf. The winter wolf bites! You miss the winter wolf. The winter wolf just misses! You hit the winter wolf. The winter wolf bites! You die... Inventory: Coins ('$') $ - 1061 gold pieces Weapons (')') d - 4 blessed +0 elven arrows c - 40 uncursed +2 elven arrows (in quiver) b - an uncursed +1 elven bow (alternate weapon; not wielded) A - an uncursed +0 dagger a - an uncursed +1 dwarvish short sword (weapon in right hand) Armor ('[') w - an uncursed rusty +0 dwarvish iron helm (being worn) N - an uncursed +4 pair of gauntlets of power J - an uncursed +0 pair of leather gloves (being worn) Q - an uncursed +1 pair of jumping boots (being worn) e - an uncursed +2 elven cloak (being worn) y - an uncursed +0 dwarvish mithril-coat (being worn) Comestibles ('%') I - 3 uncursed C-rations M - an uncursed cram ration j - 4 uncursed food rations H - 2 uncursed K-rations f - 6 uncursed lembas wafers z - 3 uncursed tripe rations V - an uncursed lizard corpse named tricebane Scrolls ('?') x - 2 cursed scrolls of earth Y - an uncursed scroll of enchant weapon k - a cursed scroll of remove curse n - an uncursed scroll of teleportation Potions ('!') K - an uncursed potion of fruit juice Z - an uncursed potion of gain energy l - a cursed potion of invisibility g - a blessed potion of sleeping Rings ('=') B - an uncursed +2 ring of increase damage o - an uncursed ring of poison resistance Wands ('/') C - an uncursed wand of light (0:10) u - an uncursed wand of striking (0:8) h - an uncursed wand of striking (0:3) Tools ('(') T - a cursed brass lantern i - an uncursed oil lamp R - an uncursed oil lamp p - an uncursed towel s - an uncursed +0 unicorn horn L - an uncursed +0 unicorn horn Gems/Stones ('*') X - an uncursed aquamarine stone W - an uncursed worthless piece of black glass Arasaka the Ranger's attributes: Background: You were a Trailblazer, a level 9 female elven Ranger. You were chaotic, on a mission for Mars who was opposed by Mercury (lawful) and Venus (neutral). You were right-handed. You were in the Dungeons of Doom, on level 14. You entered the dungeon 10115 turns ago. You had 4571 experience points, 549 more were needed to attain level 10. Basics: You had 0 out of 64 hit points. You had all 54 energy points (spell power). Your armor class was -3. Your wallet contained 1061 zorkmids. Autopickup was on for '$"?' plus thrown, with exceptions. Final Characteristics: Your strength was 17 (limit:18). Your dexterity was 13 (limit:18). Your constitution was 16 (limit:16). Your intelligence was 13 (limit:20). Your wisdom was 13 (limit:20). Your charisma was 10 (limit:18). Final Status: You weren't hungry. You were unencumbered. You were wielding a short sword. You were unskilled in short sword. Final Attributes: You were piously aligned. You were sleep resistant. You were poison resistant. You were telepathic. You had automatic searching. You had infravision. You were stealthy. You could jump. You were guarded. You are dead (2nd time!). Miscellaneous: You disabled loading of bones levels. Total elapsed playing time was 1 hour, 56 minutes and 17 seconds. Major events: Turn 1: Arasaka the chaotic female elven Ranger entered the dungeon 400: entered the Gnomish Mines 403: attained the rank of Lookout (level 3) 2816: attained the rank of Trailblazer (level 6) 3396: reached Mine Town 4288: entered Sokoban 5634: completed 1st Sokoban level 6829: completed 2nd Sokoban level 8896: averted death (killed by an invisible stalker) 10115: killed by a winter wolf Vanquished creatures: a ghost a stalker a winter wolf an ettin mummy a shocking sphere a tiger 2 tengu an ochre jelly a wraith 4 soldiers a chameleon 2 giant beetles 2 quivering blobs a cockatrice a winter wolf cub a leprechaun a giant spider a horse a black light an orc mummy 4 brown puddings a rust monster a werewolf 3 lizards a dingo a dog a housecat a jaguar a dwarf leader a blue jelly a white unicorn a gray unicorn a dust vortex a raven a gnome mummy 3 apes 6 soldier ants a mountain nymph a rock mole a pony 3 fog clouds 2 shriekers 2 violet fungi 5 gnome leaders 2 gnomish wizards a gray ooze an elf zombie a paper golem a little dog 2 floating eyes 2 kittens 7 dwarves 2 kobold leaders 8 hill orcs a rabid rat a monkey 3 orc zombies a dwarf zombie a werejackal 3 iguanas 8 killer bees an acid blob 4 gas spores 2 hobbits 8 manes a hobgoblin a giant rat 6 cave spiders a brown mold 5 yellow molds a green mold 32 gnomes 3 gnome zombies 6 geckos 5 jackals 2 kobolds 2 goblins 2 sewer rats 9 grid bugs a bat 7 lichens 7 kobold zombies 8 newts 229 creatures vanquished. No species were genocided or became extinct. Voluntary challenges: You read items or engraved 25 times. You engraved Elbereth 2 times. You never genocided any monsters. You never polymorphed an object. You never changed form. You used no wishes. You did not violate any of the special Sokoban rules. Achievements: You entered the Gnomish Mines. You attained the rank of Lookout. You attained the rank of Trailblazer. You entered Minetown. You entered a temple. You entered a shop. You entered Sokoban. The Dungeons of Doom: levels 1 to 14 Level 1: A fountain. Level 2: A fountain. Stairs down to The Gnomish Mines. Level 3: "s" Level 4: A fountain. Level 5: Many fountains. Oracle of Delphi. Level 6: A grave. Stairs up to Sokoban, level 5. Level 7: Level 8: A fountain. Level 9: A fountain. Level 10: Level 11: A throne, some fountains. Summoned by Orion. Portal to The Quest. Level 12: Some fountains. Level 13: "v" A fountain, a sink. Level 14: <- You were here. Final resting place for you, killed by a winter wolf. The Gnomish Mines: levels 3 to 6 Level 3: Level 4: Level 5: Level 6: A temple and an altar, some fountains. The Quest: Level 1: Many trees. Home. Sokoban: levels 5 up to 4 Level 4: Solved. Level 5: Solved. Game over: ---------- / \ / REST \ / IN \ / PEACE \ / \ | Arasaka | | 1061 Au | | killed by a | | winter wolf | | | | | | 2024 | *| * * * | * _________)/\\_//(\/(/\)/\//\/|_)_______ Goodbye Arasaka the Ranger... You died in The Dungeons of Doom on dungeon level 14 with 16409 points, and 1061 pieces of gold, after 10115 moves. You were level 9 with a maximum of 64 hit points when you died.